 Dungeon Crawl Stone Soup version 0.25-a0-842-g81a31cf (webtiles) character file.

Game seed: 3304417547760966848, levelgen mode: deterministic

450 Illumine the Chiller (level 6, -2/51 HPs)
             Began as a Deep Elf Ice Elementalist on Apr 23, 2020.
             Was an Initiate of Sif Muna.
             Slain by an ancient zyme (6 damage)
             ... on level 2 of the Abyss.
             The game lasted 00:09:59 (3904 turns).

Illumine the Chiller (Deep Elf Ice Elementalist)    Turns: 3904, Time: 00:10:00

Health: -2/51      AC: 23    Str:  6    XL:     6   Next: 74%
Magic:  13/16      EV:  2    Int: 21    God:    Sif Muna [......]
Gold:   145        SH:  0    Dex: 15    Spells: 5/16 levels left

rFire    . . .     SeeInvis .   y - +0 trident
rCold    . . .     Gourm    .   (no shield)
rNeg     + + +     Faith    .   (armour currently unavailable)
rPois    +         Spirit   .   (helmet currently unavailable)
rElec    .         Reflect  .   (cloak currently unavailable)
rCorr    .         Harm     .   (gloves currently unavailable)
MR       .....     NoTele   +   (boots currently unavailable)
Stlth    ++........             (no amulet)
HPRegen  0.00/turn              q - ring of wizardry
MPRegen  0.15/turn              (no ring)

@: tree-form, frozen ramparts, non-regenerating, diseased
A: no striking features
a: Renounce Religion


You were on level 2 of the Abyss.
You worshipped Sif Muna.
Sif Muna was noncommittal.
You were hungry.
You were a tree.
You visited 1 branch of the dungeon, and saw 4 of its levels.
You visited the Abyss 1 time.

You collected 145 gold pieces.

Inventory:

Hand Weapons
 b - a +0 short sword
 s - a +0 hunting sling
 u - a +1 mace of distortion
 y - a +0 trident (weapon)
Missiles
 g - 9 boomerangs (quivered)
 m - 15 poisoned darts
 p - 113 stones
 w - 53 sling bullets
Armour
 a - a +0 robe (melded)
 h - a +0 pair of gloves (melded)
Jewellery
 q - a ring of wizardry (left branch)
Wands
 v - a wand of scattershot (7)
Scrolls
 f - 2 scrolls of remove curse
 i - 2 scrolls of amnesia
 j - a scroll of teleportation
 l - a scroll of fog {unknown}
Potions
 c - a potion of curing
 d - a potion of magic
 n - a potion of resistance {unknown}
 o - a potion of flight {unknown}
 r - a potion of heal wounds {unknown}
 x - a potion of invisibility {unknown}
 A - 2 potions of might {unknown}
Comestibles
 t - 7 rations


   Skills:
 + Level 1.3 Fighting
 + Level 0.1 Maces & Flails
 + Level 3.7 Dodging
 - Level 2.4 Stealth
 + Level 5.6 Spellcasting
 + Level 2.5 Charms
 + Level 1.5 Summonings
 + Level 6.4 Ice Magic


You had 5 spell levels left.
You knew the following spells:

 Your Spells              Type           Power        Failure   Level  Hunger
a - Freeze                Ice            ####         1%          1    None
b - Frozen Ramparts       Ice            ####..       1%          3    ##.....
c - Ozocubu's Armour      Chrm/Ice       ###.....     1%          3    ##.....
d - Summon Ice Beast      Ice/Summ       ###.....     9%          4    ####...

Your spell library contained the following spells:

 Spells                   Type           Power        Failure   Level  Hunger
 Hailstorm                Conj/Ice       ###.....     11%         4    ####...


Dungeon Overview and Level Annotations

Branches:
Dungeon (4/15)
 Temple: D:4-7

Altars:
Okawaru
Sif Muna
Yredelemnul


Message History

The thrashing horror resists.
The wall freezes the thrashing horror.
The thrashing horror tramples you!
* * * LOW HITPOINT WARNING * * *
You hold your ground!
The thrashing horror tramples you but does no damage.
The wall freezes the ancient zyme!
The ancient zyme hits you.
* * * LOW HITPOINT WARNING * * *
The ancient zyme barely misses you.
You feel ill.
The wall freezes the great orb of eyes.
Okay, then.
It was a potion of lignification.
You turn into a tree.
Your +0 pair of gloves melds into your body.
Your +0 robe melds into your body.
Your roots penetrate the ground.
You feel strangely stable.
The thrashing horror resists.
The wall freezes the thrashing horror.
The thrashing horror tramples you but does no damage. x2
The thrashing horror completely resists.
The wall freezes the thrashing horror but do no damage.
The wall freezes the ancient zyme.
The ancient zyme hits you.
You die...

# #. .# .###
##x..# # #♣#
#.## ###.###
....###...X.#
#.. . .#.##.#
#..##.#.#..
.. #....### #
.# ##..# .###
# ### .#....#
##...###.##..


You could see an ancient zyme and a thrashing horror.

Vanquished Creatures
  A scorpion (D:4)
  3 killer bees (D:4)
  A hound (D:4)
  Jessica (D:3)
  An iguana (D:4)
  2 worker ants (D:4)
  Ijyb (D:3)
  A hound skeleton (D:4)
  4 adders
  A shadow imp (D:4)
  2 worms
  A leopard gecko (D:1)
  6 orcs (D:4)
  2 ball pythons
  A giant cockroach (D:3)
  7 goblins
  6 hobgoblins
  7 jackals
  4 kobolds
  3 bats
  4 frilled lizards
  6 rats
65 creatures vanquished.

Notes
Turn   | Place    | Note
-------+----------+-------------------------------------------
     0 | D:1      | Illumine the Deep Elf Ice Elementalist began the quest for
                  | the Orb.
     0 | D:1      | Reached XP level 1. HP: 10/10 MP: 6/6
   239 | D:1      | Reached XP level 2. HP: 15/15 MP: 6/8
   522 | D:1      | Reached skill level 5 in Ice Magic
  1101 | D:2      | Reached XP level 3. HP: 11/19 MP: 7/10
  1324 | D:2      | Learned a level 3 spell: Frozen Ramparts
  1328 | D:2      | Learned a level 3 spell: Ozocubu's Armour
  2368 | D:3      | Reached XP level 4. HP: 24/24 MP: 8/12
  2432 | D:3      | Noticed Jessica
  2435 | D:3      | Killed Jessica
  2583 | D:3      | Found an iron altar of Okawaru.
  2824 | D:3      | Noticed Ijyb
  2829 | D:3      | Killed Ijyb
  2829 | D:3      | Reached skill level 5 in Spellcasting
  2829 | D:3      | Reached skill level 6 in Ice Magic
  2829 | D:3      | Reached XP level 5. HP: 28/28 MP: 9/14
  2945 | D:4      | Reached skill level 1 in Charms
  2966 | D:4      | Learned a level 4 spell: Summon Ice Beast
  3360 | D:4      | Found a basalt altar of Yredelemnul.
  3360 | D:4      | Found a shimmering blue altar of Sif Muna.
  3369 | D:4      | Reached XP level 6. HP: 33/33 MP: 13/16
  3395 | D:4      | Became a worshipper of Sif Muna the Loreminder
  3405 | D:4      | Reached skill level 1 in Fighting
  3483 | D:4      | Reached skill level 1 in Summonings
  3869 | D:4      | Cast into level 2 of the Abyss (unwielding a weapon of
                  | distortion)
  3899 | Abyss:2  | Noticed a thrashing horror
  3899 | Abyss:2  | Noticed a great orb of eyes
  3899 | Abyss:2  | Noticed an ancient zyme
  3904 | Abyss:2  | Slain by an ancient zyme

Levels and vault maps discovered:
D:1:      lemuel_arrival_behind_the_door_small, layout_basic,
          hangedman_decor_lopped, kennysheep_another_room
D:2:      layout_loops_corners
D:3:      layout_loops_corners, okawaru_ov_weapons_minmay, uniq_jessica,
          uniq_ijyb
D:4:      layout_loops_ring, grunt_temple_overflow_open, serial_park_tiny_pond,
          uniq_crazy_yiuf_cottage
Abyss:2:  base: D:1, hangedman_decor_riveting, hangedman_abyss_exit_choices

Skill      XL: |  1  2  3  4  5  6 |
---------------+-------------------+-----
Ice Magic      | 5 6 |  6.4
Spellcasting   | 4 5 |  5.6
Charms         | 1 2 |  2.5
Dodging        | 3 |  3.7
Fighting       | 1 |  1.3
Summonings     | 1 |  1.5
Maces & Flails | |  0.1
Stealth        | |  2.4

Action                   |  1- 3 |  4- 6 || total
-------------------------+-------+-------++-------
Melee: Short sword       |    30 |    24 ||    54
       Mace              |       |     2 ||     2
       Trident           |       |     1 ||     1
 Fire: Hunting sling     |       |     1 ||     1
Throw: Boomerang         |    10 |       ||    10
 Cast: Freeze            |    31 |    12 ||    43
       Frozen Ramparts   |     5 |    13 ||    18
Evoke: Wand              |       |     1 ||     1
  Use: Scroll            |       |     6 ||     6
       Potion            |       |     2 ||     2
 Stab: Sleeping          |     4 |       ||     4
  Eat: Chunk             |     1 |     5 ||     6
       Ration            |     1 |       ||     1
Armor: Robe              |     8 |    10 ||    18
       Skin              |       |     2 ||     2
Dodge: Dodged            |    31 |    38 ||    69

Table legend:
 A = Non-vault XP
 B = Vault XP
 C = Vault XP percentage of total XP
 D = Non-vault monster count
 E = Vault monster count
 F = Vault count percentage of total count
                 A         B        C        D         E       F
            +---------+---------+-------+---------+---------+-------
      Total |     571 |      73 |  11.3 |      63 |       2 |   3.1
            +---------+---------+-------+---------+---------+-------
        D:1 |      28 |       0 |   0.0 |      17 |       0 |   0.0
        D:2 |      45 |       0 |   0.0 |      12 |       0 |   0.0
        D:3 |      56 |      73 |  56.6 |      16 |       2 |  11.1
        D:4 |     442 |       0 |   0.0 |      18 |       0 |   0.0
            +---------+---------+-------+---------+---------+-------
